[Event "121st Swiss Championship 2022"]
[Site "Samnaun-Compatsch"]
[Date "2022.07.04"]
[Round "1.1"]
[White "Pavlovic, Milos"]
[Black "Neyer, Renato"]
[Result "1-0"]
[ECO "D30"]
[WhiteElo "2461"]
[BlackElo "2031"]
[Annotator "RC"]
[PlyCount "63"]
[EventDate "2022.06.28"]
[EventType "swiss"]
[EventCountry "SUI"]
[SourceTitle "playchess.com"]
[Source "ChessBase"]
[SourceQuality "1"]
[TimeControl "40/5400+30:1800+30"]

1. d4 d5 2. Nf3 Nf6 3. e3 c6 4. c4 e6 5. Bd3 Nbd7 6. b3 Be7 7. O-O b6 8. Bb2 Bb7 9. Nbd2 O-O 10. Qe2 Rc8 11. Rad1 Qc7 12. Ne5 Nxe5 13. dxe5 Nd7 14. f4 f5 15. Nf3 Nc5 16. Bc2 Rcd8 17. Nd4 Qc8 18. g4 Ne4 19. gxf5 exf5 20. cxd5 Ba6 21. Bd3 Bxd3 22. Qxd3 cxd5 23. Rc1 Qd7 24. e6 Qe8 25. Rc7 Qg6+ 26. Kh1 Rde8 27. Qe2 Qh6 28. Rg1 Bh4 29. Rgxg7+ Qxg7 30. Rxg7+ Kxg7 31. Nxf5+ Kg8 32. Nh6# 1-0

[Event "121st Swiss Championship 2022"]
[Site "Samnaun-Compatsch"]
[Date "2022.07.04"]
[Round "1.2"]
[White "Papaux, Steve"]
[Black "Baenziger, Fabian"]
[Result "0-1"]
[ECO "A28"]
[WhiteElo "2031"]
[BlackElo "2451"]
[Annotator "TA"]
[PlyCount "76"]
[EventDate "2022.06.28"]
[EventType "swiss"]
[EventCountry "SUI"]
[SourceTitle "playchess.com"]
[Source "ChessBase"]
[SourceQuality "1"]
[TimeControl "40/5400+30:1800+30"]

1. c4 Nf6 2. Nc3 e5 3. e3 Nc6 4. Nf3 Bb4 5. d4 d6 6. dxe5 {[%emt 0:04:36] A28: English Opening: Four Knights Variation.} Bxc3+ (6... dxe5 7. Qxd8+ Kxd8 8. Bd2 $11) 7. bxc3 Nxe5 8. Nxe5 {[%emt 0:02:40] Black is slightly better.} dxe5 9. Qxd8+ Kxd8 10. f3 c5 11. e4 Kc7 12. Be3 b6 {[%emt 0:00:23] [#]} 13. Be2 $146 ({Predecessor:} 13. a4 a5 14. Bd3 Ne8 15. Kd2 Be6 16. Kc2 Nd6 17. Kb3 Rhb8 18. Bf2 Kc6 19. Kc2 Nxc4 20. Bxc4 Bxc4 {0-1 (36) Frielingsdorf,T-Mueller Toepler,M freechess.de 2015}) 13... Be6 14. f4 (14. a4 $15) 14... Nxe4 $17 15. Bf3 {[%emt 0:00:08] [#]} Nxc3 {[%emt 0:06:26][%cal Be4c3,Bc3a4,Ba4b2,Bb2c4][%mdl 32] Black is more active.} 16. Bxa8 Rxa8 17. fxe5 Na4 ({Don't do} 17... Bxc4 18. Rc1 $16) 18. O-O (18. O-O-O $142) 18... Nb2 19. Bf4 Nxc4 20. Rfd1 Kc6 21. a4 Re8 22. Rd3 Bd5 ({Black should play} 22... a6 $19 23. g4 Bxg4) 23. Rad1 Rd8 {[%emt 0:01:35] Hoping for ...Nb2.} 24. Re1 Rd7 25. Rg3 g6 26. h4 Be6 27. h5 Nb2 ({Weaker is} 27... gxh5 28. Rg7) 28. hxg6 hxg6 ({And not} 28... fxg6 29. Ra1) 29. a5 $2 (29. Ra1) 29... Nd3 $19 {[%emt 0:01:01] Black is clearly winning.} 30. Rf1 (30. Rxd3 $142 Rxd3 31. axb6 axb6 32. Kf2) 30... Nxf4 31. Rxf4 {[%emt 0:00:01][%mdl 4096] Endgame KRR-KRB} b5 32. Ra3 b4 33. Ra1 c4 34. g4 b3 {[%emt 0:01:03] [#] White must now prevent ...c3.} 35. Kf2 Kb5 36. Ke3 b2 37. Rb1 c3 {[%emt 0:00:04] aiming for ...Ba2.} 38. Rf2 Kxa5 {[%emt 0:00:44] Weighted Error Value: White=0.69/Black=0.18 (very precise)} 0-1

[Event "121st Swiss Championship 2022"]
[Site "Samnaun-Compatsch"]
[Date "2022.07.04"]
[Round "1.3"]
[White "Gallagher, Joseph G."]
[Black "Arquint, Andri"]
[Result "1-0"]
[ECO "B28"]
[WhiteElo "2447"]
[BlackElo "2019"]
[Annotator "TA"]
[PlyCount "77"]
[EventDate "2022.06.28"]
[EventType "swiss"]
[EventCountry "SUI"]
[SourceTitle "playchess.com"]
[Source "ChessBase"]
[SourceQuality "1"]
[TimeControl "40/5400+30:1800+30"]

1. e4 c5 2. Nf3 a6 3. c3 Qc7 4. d4 d6 5. h3 e5 6. dxe5 {[%emt 0:04:10] B28: Sicilian: 2 Nf3 a6 (O'Kelly Variation).} (6. Be3 $16) 6... dxe5 $11 {[%emt 0:00:10] [#]} 7. a4 $146 ({Predecessor:} 7. Bc4 Nc6 8. O-O Be7 9. Bd5 Nf6 10. Nbd2 O-O 11. Qe2 Nd8 12. Nc4 Nxd5 13. exd5 {1-0 (85) Jenni,F (2467)-Arquint,A (1957) Graechen 2017}) 7... Nf6 8. Qc2 {[%emt 0:01:07] The position is equal.} Nc6 9. Bg5 Be7 10. Nbd2 Rb8 11. Nc4 h6 12. Bxf6 Bxf6 13. a5 Be6 14. Nfd2 O-O 15. Be2 Bg5 16. Nb3 Be7 17. O-O Rbd8 18. Ne3 Rd7 (18... Bg5 $11) 19. Bc4 $16 Bxc4 20. Nxc4 Rdd8 21. Qe2 Rfe8 22. Ne3 Bf8 23. Nd5 Qd6 24. Rfd1 {[%emt 0:03:05] White is more active.} Qg6 25. Qc4 Kh8 26. Ne3 Qe6 27. Rd5 g6 (27... Qc8 $16 28. Nxc5 Rxd5 29. exd5 Nxa5 30. Rxa5 b5) 28. Nxc5 $18 Qe7 {[%emt 0:01:07] [#]} (28... Qc8 {keeps fighting.} 29. Na4 Kg7) 29. b4 h5 (29... Qc7 $142 30. Rad1 Bxc5) 30. Rad1 Bh6 31. Rxd8 Rxd8 32. Nd5 Qh4 33. Nxb7 {[%emt 0:00:15] Pair of Knights!} Rd7 34. Qxc6 Rxd5 35. Qxd5 Qf4 36. Nd6 {[%emt 0:00:22] White mates.} Kg7 37. b5 g5 38. bxa6 g4 39. Qxf7+ {[%emt 0:00:05] Weighted Error Value: White=0.07 (flawless) /Black=0.51} 1-0

[Event "121st Swiss Championship 2022"]
[Site "Samnaun-Compatsch"]
[Date "2022.07.04"]
[Round "1.4"]
[White "Manko, Mariya"]
[Black "Gschnitzer, Adrian"]
[Result "0-1"]
[ECO "E02"]
[WhiteElo "2014"]
[BlackElo "2433"]
[Annotator "TA"]
[PlyCount "156"]
[EventDate "2022.06.28"]
[EventType "swiss"]
[EventCountry "SUI"]
[SourceTitle "playchess.com"]
[Source "ChessBase"]
[SourceQuality "1"]
[TimeControl "40/5400+30:1800+30"]

1. Nf3 d5 2. d4 Nf6 3. c4 e6 4. g3 dxc4 5. Qa4+ Nbd7 6. Bg2 a6 7. Nc3 Rb8 8. Qxc4 b5 9. Qd3 Bb7 10. Bf4 {[%emt 0:06:45] E02: Open Catalan: 5 Qa4+.} Bd6 (10... Rc8 {is more complex.} 11. O-O c5 12. dxc5 Bxc5 13. Ne5 Bxg2 14. Kxg2 Nxe5 15. Qxd8+ Rxd8 16. Bxe5 Ke7) 11. Bxd6 cxd6 12. O-O {[%emt 0:00:09] The position is equal.} O-O {[%emt 0:02:49] [#]} 13. Rfe1 $146 ({Predecessor:} 13. Rfc1 Nb6 14. Nd2 Qd7 15. b3 Rfc8 16. Bxb7 Rxb7 17. e4 Rbc7 18. Kg2 h6 19. Ne2 Rxc1 20. Rxc1 Rxc1 21. Nxc1 {½-½ (36) Brzoza,M (2278)-Binder,K ICCF email 2009}) 13... b4 14. Nb1 Qc7 (14... e5 {looks sharper.} 15. Ng5 Bxg2 16. Kxg2 h6) 15. Nbd2 Rfc8 16. a3 b3 17. Nxb3 Be4 18. Qe3 Qc2 (18... Bc2 $15 {is more appropriate.} 19. Nc1 (19. Nfd2 Qb6 $15) 19... Nb6) 19. Nfd2 $11 Bxg2 20. Kxg2 Nd5 21. Qd3 Qc6 (21... Qxd3 $14 {should be considered.} 22. exd3 Rb5) 22. e4 $16 Ne7 23. Rac1 Qb6 24. Rc3 d5 25. e5 a5 26. Rec1 Rxc3 27. Qxc3 {[%emt 0:05:14] Black must now prevent Qc7.} a4 28. Nc5 $36 {[%emt 0:00:24][%mdl 2048] Black is under pressure.} (28. Qc7 {with more complications.} Qb5 29. Nc5 Nxc5 30. Rxc5 Qxb2 31. Qxe7 Qxd2 32. Rb5) 28... Nxc5 29. dxc5 Qb7 (29... Qa6 $1 $14) 30. c6 $18 Qc7 31. Nf3 Rc8 $2 (31... g6 32. Qc5 Nc8) 32. Qb4 Nxc6 33. Qxa4 Qb7 34. b4 h6 (34... Kf8 $142 35. b5 Ne7 36. Rxc8+ Qxc8) 35. b5 Ne7 36. Rxc8+ Nxc8 {[%emt 0:00:25][%mdl 4096] Endgame KQN-KQN} 37. Qb4 Nb6 38. a4 Nc4 39. Qc5 {[%emt 0:03:16] Against Qa7} (39. Nd4) 39... Qa8 40. Qb4 (40. Qe7 $18) 40... Qa7 $2 (40... Qb7 $1 $11 {and Black is okay.}) 41. Kg1 g6 42. h4 Kg7 43. Kg2 Kg8 44. Qb3 Qa5 $2 (44... Kf8 45. Qb4+ Kg8) 45. Nd4 {[%emt 0:00:00] Threatens to win with Nc6.} Nb6 {[%emt 0:01:52] [#]} 46. Nc6 $2 (46. Nxe6 $1 $18 Qxa4 47. Qxa4 Nxa4 48. Nc7) 46... Qxa4 $16 47. Ne7+ Kf8 (47... Kg7 $16 48. Qxa4 Nxa4) 48. Qxa4 $18 Nxa4 {[%emt 0:00:04] KN-KN} 49. Nc8 h5 $2 (49... Ke8 {was necessary.}) 50. b6 {[%emt 0:00:00] White wants to mate with b7.} Nc5 51. Nd6 Ke7 52. b7 $1 Nd7 53. f4 $1 f5 $2 (53... Nb8 54. Kf3 Nc6) 54. Kf3 Nb8 55. Ke3 $2 (55. Nb5 $1 $18 {is the precise move to win.} Kd8 56. Nd4) 55... Nc6 $2 (55... Kd7 $16) 56. Kd3 Kd7 57. Kd2 $2 ({White has to play} 57. Nb5 $18) 57... Kc7 $11 58. Kc3 Nd8 59. Kb4 {[%emt 0:03:31] And now Nb5+ would win.} Nxb7 60. Nf7 Nd8 61. Ng5 $2 (61. Nxd8 $11 Kxd8 62. Kc5) 61... Kb6 $1 $19 62. Kc3 $2 (62. Kb3 $11) 62... Kc5 63. Kd3 {[%emt 0:00:03] [#]} (63. Nf3 $142 Nc6 64. Kd3) 63... d4 $1 64. Nh7 Nc6 65. Nf8 Nb4+ 66. Kd2 Kd5 67. Nxg6 {[%emt 0:00:08] [#]} Na6 $1 {[%emt 0:00:43] Strongly threatening ...Nc5.} 68. Nf8 Nc5 69. Nh7 Ne4+ $2 (69... Kc4 {mates} 70. Ng5 d3 71. Nf3 Ne4+ 72. Ke1 Kc3 73. Kd1 Nxg3 74. Ng5 Ne4 75. Nf3 d2 76. Ke2 Kc4 77. Nxd2+ Nxd2 78. Kxd2 Kd4 79. Kc2 Ke4 80. Kc3 Kxf4 81. Kd4 Kg4 82. Kc5 f4 83. Kd6 Kf5 84. Kc5 f3 85. Kd6 f2 86. Kc5 f1=Q 87. Kb4 Kxe5 88. Kc5 Qc1+ 89. Kb6 Qc4 90. Kb7 Kd6 91. Kb6 Qb4+ 92. Ka6 Kc6 93. Ka7 Qb7#) 70. Kd3 $11 Nc5+ $2 (70... Nxg3 $11 71. Nf6+ Kc5) 71. Kd2 $1 Kc4 {[%emt 0:00:02] Black mates.} 72. Ng5 d3 73. Nf3 Nb3+ 74. Kd1 Kc3 75. Nh2 Nd2 76. Kc1 Nc4 77. Nf3 d2+ 78. Kd1 Nb2+ {[%emt 0:00:13] Weighted Error Value: White=0.42/Black=0.63} 0-1

[Event "121st Swiss Championship 2022"]
[Site "Samnaun-Compatsch"]
[Date "2022.07.04"]
[Round "1.5"]
[White "Gaehwiler, Gabriel"]
[Black "Balzer, Lars"]
[Result "1-0"]
[ECO "B12"]
[WhiteElo "2420"]
[BlackElo "2012"]
[Annotator "TA"]
[PlyCount "99"]
[EventDate "2022.06.28"]
[EventType "swiss"]
[EventCountry "SUI"]
[SourceTitle "playchess.com"]
[Source "ChessBase"]
[SourceQuality "1"]
[TimeControl "40/5400+30:1800+30"]

1. d4 g6 2. e4 c6 3. Nf3 d5 4. Nc3 Bg7 5. Bd3 dxe4 6. Nxe4 Nf6 {[%emt 0:00:45] B12: Caro-Kann: Advance Variation.} 7. c3 O-O 8. Bf4 Nbd7 {[%emt 0:07:57] [#] The position is equal.} 9. Nxf6+ $146 ({Predecessor:} 9. O-O Nxe4 10. Bxe4 Nf6 11. Bd3 Nh5 12. Bg5 Qc7 13. Re1 Be6 14. Ne5 c5 15. Be3 Rad8 {0-1 (42) Bartoszek,M (1884)-Polok,K (2155) Suchedniow 2012}) 9... exf6 10. h4 (10. O-O $11) 10... Re8+ $15 11. Kf1 h5 12. Qd2 Nb6 13. Bh6 Bh8 14. Ng1 Qd5 15. Qc2 Kh7 16. Bc1 Be6 (16... Qe6 17. Ne2 $11 (17. Qd2 Qd5 $11)) 17. Ne2 f5 18. b3 Qd8 (18... c5 $15) 19. Bb2 (19. Bg5 $11 Bf6 20. Qd2) 19... Nd5 $17 20. a3 Qc7 21. g3 Rad8 22. c4 Nf6 23. f3 (23. Kg2 $1 $15) 23... Bc8 $2 (23... c5 $1 $17 {[%cal Ob7b5] White must now prevent ...b5!} 24. Kg2 (24. d5 $2 Bxd5 25. Bxf6 Bxf6 $19) 24... cxd4) 24. Kf2 {[%emt 0:00:59] [#]} (24. Kg2 $11 {remains equal.}) 24... Bg7 ({Much weaker is} 24... Qe7 25. Nf4 $11) (24... Nd7 $1 $17) 25. Rhe1 Re7 ({Much worse is} 25... Qe7 26. Nf4 Qd6 27. Kg2 $14) 26. Nf4 Rde8 27. Bc3 ({Better is} 27. Rad1 $11) 27... Qd8 (27... Rxe1 $1 $15 28. Rxe1 Rxe1 29. Bxe1 Qd6) 28. Rxe7 $11 Rxe7 29. Rd1 Ne8 30. d5 Qb6+ 31. Kg2 {[%emt 0:00:26][%cal Od5d6] Hoping for d6! Active counter play!} Bh6 (31... Bxc3 $14 32. Qxc3 Qe3) 32. Bd2 Nf6 33. Bc3 Ne8 34. Bd2 Nf6 $1 35. c5 $36 {[%emt 0:00:42][%mdl 2048] White has strong initiative.} Qd8 36. d6 Re8 37. Bc4 Be6 (37... Bxf4 $16 38. Bxf4 Nd5) 38. Nxe6 fxe6 39. Bxh6 Kxh6 40. Qe2 {[%emt 0:01:09] d7 is the strong threat.} e5 {[%emt 0:02:40] [#]} (40... Nd7 $16 {was called for.} 41. b4 Qf6) 41. d7 $1 $18 Re7 42. Rd6 Rxd7 43. Qxe5 Rxd6 44. cxd6 {[%emt 0:04:11][%mdl 4096] Endgame KQB-KQN} b5 $2 (44... Nd7 45. Qe7 Qh8) 45. Be6 Nh7 46. Bf7 {[%emt 0:04:27] Threatens to win with Qe7.} Qa5 47. Qe6 {[%emt 0:01:51][%csl Gf7][%cal Re6g6] White mates.} Qd2+ 48. Kh3 Nf8 49. Qe7 $1 Nh7 50. Bg8 {[%emt 0:00:28] Weighted Error Value: White=0.33/Black=0.48} 1-0

[Event "121st Swiss Championship 2022"]
[Site "Samnaun-Compatsch"]
[Date "2022.07.04"]
[Round "1.6"]
[White "Dijkstra, Hidde"]
[Black "Fecker, Noah"]
[Result "0-1"]
[ECO "B40"]
[WhiteElo "2004"]
[BlackElo "2387"]
[Annotator "TA"]
[PlyCount "98"]
[EventDate "2022.06.28"]
[EventType "swiss"]
[EventCountry "SUI"]
[SourceTitle "playchess.com"]
[Source "ChessBase"]
[SourceQuality "1"]
[TimeControl "40/5400+30:1800+30"]

1. e4 c5 2. Nf3 e6 3. g3 Nc6 4. Bg2 Nf6 5. Qe2 e5 6. c3 {[%emt 0:01:34] B40: Sicilian: 2...e6, Unusual lines.} Be7 7. O-O O-O 8. Na3 {[%emt 0:02:30] The position is equal. 8.Na3 scores better than 8.Rd1.} Re8 9. Nc2 Bf8 10. d3 h6 {[%emt 0:05:08] Inhibits Bg5.} 11. Ne3 d6 12. h3 Be6 {[%emt 0:03:09] [#]} 13. Nf5 $146 ({Predecessor:} 13. Nh2 d5 14. Nhg4 Nxg4 15. hxg4 d4 16. Nd5 dxc3 17. bxc3 Ne7 18. c4 Nc6 19. Be3 {1-0 (59) Andriasian,Z (2621)-Karavade,E (2415) Abu Dhabi 2016}) 13... Bxf5 (13... d5 {seems wilder.} 14. g4 d4 15. cxd4 cxd4 16. g5 hxg5 17. Nxg5 Bd7) 14. exf5 d5 15. Qc2 (15. Nh2 $11) 15... Bd6 (15... Qd7 $15) 16. Nh2 $1 $11 Qd7 17. Ng4 Be7 18. Nxf6+ Bxf6 19. g4 Rad8 20. f4 (20. Rb1 $11 {keeps the balance.}) 20... Bh4 $17 21. fxe5 Nxe5 22. f6 {[%emt 0:01:50] [#]} ({White should play} 22. Bf4) 22... g5 $1 ({Not} 22... Bxf6 23. Bxh6 Ng6 24. Bd2 $11) 23. Bd2 Ng6 {[%emt 0:02:22] Strongly threatening ...Re2.} 24. d4 c4 {[%emt 0:06:50] Hoping for ...Re2.} 25. Be1 (25. Qd1 $17) 25... Bxe1 ({Better is} 25... Re6 $19 26. Bxh4 Nxh4) 26. Raxe1 Nf4 27. Rxe8+ $2 (27. Qf5 $17 {is a better defense.} Qxf5 28. gxf5) 27... Rxe8 $19 28. Rxf4 $2 (28. Bf3 {keeps fighting.}) 28... gxf4 $17 {[%emt 0:00:19][%mdl 4096] Endgame KQR-KQB} 29. Qf2 Qe6 30. Qxf4 Qe3+ (30... Qe1+ $19 {and Black stays clearly on top.} 31. Kh2 Qh4) 31. Qxe3 Rxe3 {[%emt 0:00:01] KR-KB} 32. Kf2 {[%emt 0:01:36] Prevents Re2+.} Re6 33. Bxd5 Rxf6+ 34. Ke3 b5 35. b3 (35. a3 $17 {might work better.}) 35... cxb3 $19 36. axb3 {[%emt 0:00:06] [#]} (36. Bxb3 Rf1 37. a4) 36... a5 $1 37. c4 bxc4 38. Bxc4 Kf8 39. h4 Ke7 40. Ke4 Rf2 41. Ke3 $2 (41. h5) 41... Rh2 {[%emt 0:32:17] Black is clearly winning.} 42. h5 f5 43. gxf5 Rxh5 44. Be6 Kd6 45. Kf3 Rh4 46. Ke3 h5 47. Bc4 Ke7 48. Be6 Kf6 49. Kd3 Rf4 {[%emt 0:00:00] Weighted Error Value: White=0.68/Black=0.14 (very precise)} 0-1

[Event "121st Swiss Championship 2022"]
[Site "Samnaun-Compatsch"]
[Date "2022.07.04"]
[Round "1.7"]
[White "Hakimifard, Ghazal"]
[Black "Zargarov, Mikayel"]
[Result "1-0"]
[ECO "B31"]
[WhiteElo "2296"]
[BlackElo "1994"]
[Annotator "TA"]
[PlyCount "59"]
[EventDate "2022.06.28"]
[EventType "swiss"]
[EventCountry "SUI"]
[SourceTitle "playchess.com"]
[Source "ChessBase"]
[SourceQuality "1"]
[TimeControl "40/5400+30:1800+30"]

1. e4 c5 2. Nf3 Nc6 3. Bb5 g6 4. Bxc6 dxc6 5. h3 Bg7 6. d3 Nf6 7. Nc3 Nd7 8. Be3 e5 9. Qd2 h6 {B31: Sicilian: 2...Nc6 3 Bb5 g6.} 10. O-O Qe7 11. Nh2 Nf8 {[%emt 0:05:15] White is slightly better.} 12. a3 {[%emt 0:00:00] [#]} b5 $146 (12... Ne6 $11 {is superior.}) ({Predecessor:} 12... Ne6 13. Ne2 Nd4 14. Rab1 Be6 15. b4 cxb4 16. axb4 Nxe2+ 17. Qxe2 O-O 18. Bc5 Qd7 19. Bxf8 Bxf8 {0-1 (61) Kassimov,B (2363)-Druska,J (2495) Chess.com INT 2021}) 13. Ne2 Ne6 14. c3 g5 ({Black should play} 14... c4 $14) 15. Ng3 $16 Nf4 16. b4 cxb4 17. axb4 Qd7 (17... Qd8 $16 {was worth a try.}) 18. Nf5 $18 O-O 19. d4 f6 20. Bxf4 exf4 21. g4 {[%emt 0:06:15] White is much more active. The black rooks are badly placed.} Qc7 22. Rfe1 Be6 23. Nf3 a5 (23... Rf7 $16 24. Nxg7 Kxg7) 24. bxa5 Bxf5 (24... Rfd8 {was necessary.} 25. e5 Bxf5) 25. Qa2+ ({Don't take} 25. exf5 Rxa5 26. Rxa5 Qxa5 $18) 25... Kh7 {[%emt 0:01:24] [#] Hoping for ...Bg6.} 26. exf5 Rfe8 (26... Ra6 $142 27. Re6 Rfa8) 27. Re6 c5 28. Qe2 {[%emt 0:02:39][%csl LRb5,LRe8] White is clearly winning.} Rxe6 (28... Rec8 $142 29. Re7 Qd6) 29. fxe6 {[%emt 0:00:02] [#] aiming for Qe4+.} ({Inferior is} 29. Qxe6 cxd4 30. Qe4 (30. cxd4 $2 Qc3 $19) 30... Qxc3 31. Qxa8 Qxa1+ 32. Kg2 b4 $14) 29... Bf8 30. Qe4+ {[%emt 0:00:06] Weighted Error Value: White=0.12 (very precise) /Black=0.38} 1-0

[Event "121st Swiss Championship 2022"]
[Site "Samnaun-Compatsch"]
[Date "2022.07.04"]
[Round "1.8"]
[White "Binggeli, Christian"]
[Black "Georgescu, Lena"]
[Result "0-1"]
[ECO "A01"]
[WhiteElo "1991"]
[BlackElo "2279"]
[Annotator "TA"]
[PlyCount "37"]
[EventDate "2022.06.28"]
[EventType "swiss"]
[EventCountry "SUI"]
[SourceTitle "playchess.com"]
[Source "ChessBase"]
[SourceQuality "1"]
[TimeControl "40/5400+30:1800+30"]

1. b3 e5 2. Bb2 Nc6 3. c4 Nf6 4. e3 d5 5. cxd5 Nxd5 6. a3 Bd6 7. Qc2 O-O 8. Nf3 Qe7 {[%emt 0:02:09] A01: Nimzowitsch-Larsen Opening.} 9. Bd3 Kh8 10. h4 {[%emt 0:11:36] [#]} (10. Nc3 $11 {remains equal.} Nxc3 11. dxc3) 10... f5 $146 {[%emt 0:02:16] Black is better.} ({Predecessor:} 10... Nf6 11. Ng5 h6 12. Nc3 Bd7 13. Bc4 g6 14. Nge4 Nxe4 15. Qxe4 f5 16. Qc2 Be6 {½-½ (77) Waldmann,H (2305)-Giemsa,S (2302) Germany 2016}) 11. Bb5 ({Wrong is} 11. Nc3 $2 Nxc3 12. Bxc3 e4 $19) 11... Bd7 {[%emt 0:01:00][%cal Oc6b4] Strongly threatening ...Ncb4!} 12. Nc3 Nb6 {[%emt 0:04:18] Black is more active.} ({Better is} 12... Nf6 $15 13. Bxc6 Bxc6) 13. Na4 {[%emt 0:07:42] [#]} (13. h5 $11) 13... Nb4 $1 14. axb4 Bxb5 15. Nc5 $2 {[%emt 0:02:06][%mdl 8192] This costs White the game.} ({White has to play} 15. Nc3 $15 Bd7 16. b5) 15... Nd5 $19 {[%emt 0:07:11][%cal Bb6d5,Bd5b4,Bb4d3][%mdl 32] Black is clearly winning.} 16. Nxb7 Nxb4 17. Qc3 Nd3+ 18. Kd1 Bb4 {[%emt 0:00:00] Inhibits Qa5.} 19. Qxe5 {[%emt 0:00:25] Weighted Error Value: White=1.20/Black=0.14 (very precise)} 0-1

[Event "121st Swiss Championship 2022"]
[Site "Samnaun-Compatsch"]
[Date "2022.07.04"]
[Round "1.9"]
[White "Loeffler, Markus"]
[Black "Riedener, Toni"]
[Result "1/2-1/2"]
[ECO "A07"]
[WhiteElo "2278"]
[BlackElo "1983"]
[Annotator "TA"]
[PlyCount "87"]
[EventDate "2022.06.28"]
[EventType "swiss"]
[EventCountry "SUI"]
[SourceTitle "playchess.com"]
[Source "ChessBase"]
[SourceQuality "1"]
[TimeControl "40/5400+30:1800+30"]

1. Nf3 d5 2. g3 Bg4 3. Bg2 Nd7 4. h3 Bh5 5. d4 e6 6. O-O {[%emt 0:00:14][%cal Oc2c4] A07: Réti Opening: New York and Capablanca Systems.} Ngf6 7. c4 c6 8. cxd5 cxd5 9. Bf4 Be7 10. Qb3 Qb6 11. Qxb6 Nxb6 {[%emt 0:01:12] [#]} 12. g4 $146 ({Predecessor:} 12. Nc3 a6 13. g4 Bg6 14. Ne5 Nfd7 15. Nxg6 hxg6 16. e4 Nf6 17. Bc7 Bd8 18. Bxb6 Bxb6 19. exd5 Bxd4 20. dxe6 fxe6 {1-0 (60) Godart,F (2439)-Santos Latasa,J (2591) Belgium 2020}) 12... Bg6 13. Rc1 Rc8 14. Rxc8+ Nxc8 15. Nbd2 O-O 16. Rc1 Bd6 17. Be5 Ne4 18. Nxe4 Bxe4 19. Bxd6 Nxd6 20. Rc7 Rb8 {[%emt 0:03:06] [#]} (20... Rc8 $11 {keeps the balance.} 21. Rxc8+ Nxc8) 21. Ne5 $1 $16 Bxg2 22. Kxg2 {[%emt 0:00:01][%mdl 4096] Endgame Black must now prevent Rd7. KRN-KRN} Nb5 {[%emt 0:16:49] [#]} (22... Rd8 $142) 23. Rxf7 {[%emt 0:00:28] White is more active.} (23. Rd7 $1 $16) 23... Nxd4 $14 24. e3 Nc6 25. Nxc6 bxc6 26. Rxa7 {[%emt 0:01:20] b3 is the strong threat.} Rxb2 {[%emt 0:00:12] KR-KR. The position is equal.} 27. Rc7 Rxa2 28. Rxc6 Kf7 29. Rc7+ Kg6 30. Re7 Kf6 31. Rd7 h6 32. h4 Rd2 33. Kf3 e5 34. Rd6+ Ke7 35. Ra6 d4 36. exd4 Rxd4 37. Kg3 Rd3+ 38. Kg2 Rd4 39. f3 Rd2+ 40. Kg3 Rd4 41. Kf2 Kf7 42. Ke3 h5 43. Ra7+ Kf6 44. Ra6+ {[%emt 0:04:14] Weighted Error Value: White=0.07 (flawless) /Black=0.08 (flawless)} 1/2-1/2

[Event "121st Swiss Championship 2022"]
[Site "Samnaun-Compatsch"]
[Date "2022.07.04"]
[Round "1.10"]
[White "Buerge, Reto"]
[Black "Rohrer, Christophe"]
[Result "0-1"]
[ECO "A45"]
[WhiteElo "1979"]
[BlackElo "2246"]
[Annotator "TA"]
[PlyCount "86"]
[EventDate "2022.06.28"]
[EventType "swiss"]
[EventCountry "SUI"]
[SourceTitle "playchess.com"]
[Source "ChessBase"]
[SourceQuality "1"]
[TimeControl "40/5400+30:1800+30"]

1. d4 Nf6 2. Bg5 c5 3. Nc3 Qa5 4. Bxf6 gxf6 5. e3 d5 6. Nf3 {[%emt 0:02:39] A45: Trompowsky Attack.} (6. Qf3 $14) 6... Nc6 $11 {[%emt 0:00:47] [#]} 7. Be2 $146 ({Predecessor:} 7. a3 cxd4 8. Nxd4 e6 9. Be2 Bd7 10. O-O f5 11. Rb1 Rg8 12. Nf3 Rc8 13. g3 {1-0 (40) Gorskov,A-Hentunen,A (2265) Finland 1989}) 7... Rg8 8. O-O {[%emt 0:01:35] The position is equal.} Bh3 9. Ne1 cxd4 10. exd4 e6 11. Kh1 Bf5 12. a3 Qb6 13. Bb5 O-O-O 14. Bxc6 Qxc6 15. Nd3 Rg4 16. Nb4 (16. Ne2 $142) 16... Qc4 17. Ne2 Bd6 18. b3 Qc7 {[%emt 0:01:36] Black is much more active.} 19. Ng3 Bxg3 20. fxg3 Qc3 {[%emt 0:00:23] Inhibits Qd2.} (20... Kb8 $17 {Hoping for ...a5.} 21. Qd2 h5) 21. Rf4 $2 {[%emt 0:02:46][%mdl 8192] [#] Now White is beyond hope.} ({White should try} 21. Qf3 $1 $15 Qxf3 22. gxf3) 21... Rxf4 $1 $19 22. gxf4 Rg8 23. Nd3 $2 (23. Qe1 Qxd4 24. Qg1) 23... Qxd4 $2 (23... Be4 24. Ne1 Qe3) 24. Ne1 (24. Qg1 {only move.} Qc3 25. Qe1) 24... Qxf4 25. Qe2 {[%emt 0:03:46] Inhibits Qf1+.} Qe5 26. Qd1 Qe3 {[%emt 0:03:47] Strongly threatening ...Be4.} 27. c4 $2 (27. Qf3 Qxf3 28. gxf3) 27... d4 (27... Qf2 $142 28. Qf3 Qb2) 28. Ra2 e5 29. Rd2 Bg4 30. Qc1 Rg5 31. Nc2 Qe4 32. Qg1 (32. Qe1 $142 Bf3 33. Qxe4 Bxe4 34. Kg1) 32... h5 33. Nxd4 (33. Qe1 $142 Bf3 34. Qxe4 Bxe4 35. Ne1) 33... exd4 34. Rxd4 Qe2 35. Rf4 {[%emt 0:01:35] [#]} Bh3 $1 36. Rf2 (36. gxh3 Rxg1+) 36... Qe4 {[%emt 0:00:08] And now ...h4 would win.} 37. Qf1 h4 {[%emt 0:01:04][%cal Oh3g2] ( -> ...Bxg2+!)} 38. Re2 {[%emt 0:00:52] [#]} Qc6 (38... Bxg2+ $142 $1 39. Kg1 Bh3+ 40. Kf2 Qf4+ 41. Ke1 Qc1+ 42. Kf2 Rf5+ 43. Kg1 Rxf1#) 39. Kg1 Bd7 {[%emt 0:04:34] Threatens to win with ...h3.} 40. Qf2 h3 41. g3 Rf5 {[%emt 0:32:58] Black mates.} 42. Qxa7 {[%emt 0:02:31] [#]} Qh1+ $3 43. Kxh1 Rf1+ {[%emt 0:00:05] Weighted Error Value: White=0.90/Black=0.51} 0-1